 Dungeon Crawl Stone Soup version 0.31-a0-208-gdb31a4691d (webtiles) character file.

Game seed: 17292675607376774891

1551215 Midn8 the Slayer (level 23, 120/120 HPs)
             Began as a Felid Summoner on June 25, 2023.
             Was an Initiate of Gozag.
             Escaped with the Orb
             ... and 3 runes on June 29, 2023!
             The game lasted 05:59:58 (69274 turns).

Midn8 the Slayer (Felid Summoner)                  Turns: 69274, Time: 05:59:58

Health: 120/120    AC:  3    Str:  7    XL:     23   Next: 38%
Magic:  46/46      EV: 37    Int: 34    God:    Gozag
Gold:   14633      SH:  0    Dex: 25    Spells: 3/58 levels left
                                        Lives:  2   Deaths: 2

rFire   + .          .
                       - Unarmed
rCold   + . .        (shield unavailable)
rNeg    . . .        (body armour unavailable)
rPois   +            (helmet unavailable)
rElec   +            (cloak unavailable)
rCorr   .            (gloves unavailable)
SInv    +            (boots unavailable)
Will    ++++.        s - amulet of the Magpie {RegenMP Str+3 Slay+2}
Stlth   ++           T - ring "Kygodoj" {rPois rC+ Int+4 Dex+4}
HPRegen 0.40/turn    I - ring "Qabalir" {Fire Will+ Int+4 Dex+3}
MPRegen 0.70/turn

%: no passive effects
@: quick
A: very small, claws 1, fangs 3, see invisible, speed 1, shaggy fur 3, stealthy
paws, no weapons or thrown items, no armour, multi-lived, electricity resistance
0: Orb of Zot
}: 3/15 runes: decaying, abyssal, gossamer
a: Renounce Religion, Potion Petition, Call Merchant, Bribe Branch


You escaped.
You worshipped Gozag.
Gozag was extremely pleased with you.
You visited 9 branches of the dungeon, and saw 44 of its levels.
You visited the Abyss 1 time.
You also visited: Trove, Bailey, Gauntlet and Ice Cave.

You collected 23569 gold pieces.
You spent 3986 gold pieces at shops.
You paid 4950 gold pieces to Gozag.

Inventory:

Jewellery
 h - a +6 ring of intelligence
 q - the ring of Revvar {rPois Int+6 Dex+3 Stlth+}
   (You found it on level 7 of the Dungeon)

   [ring of intelligence]

   Int:       It affects your intelligence (+6).
   Dex:       It affects your dexterity (+3).
   rPois:     It protects you from poison.
   Stlth:     It makes you more stealthy.
 s - the amulet of the Magpie (around neck) {RegenMP Str+3 Slay+2}
   (You found it in a treasure trove)

   [amulet of magic regeneration]

   It increases your rate of magic regeneration.
   Str:       It affects your strength (+3).
   Slay:      It affects your accuracy & damage with ranged weapons and melee
   (+2).
 t - the ring "Ocuos" {Wiz Int+3}
   (You found it in a treasure trove)

   [ring of wizardry]

   It improves your spell success rate.
   Int:       It affects your intelligence (+3).
 H - a +6 ring of dexterity
 I - the ring "Qabalir" (right paw) {Fire Will+ Int+4 Dex+3}
   (You found it in a treasure trove)

   [ring of fire]

   It enhances your fire magic.
   Int:       It affects your intelligence (+4).
   Dex:       It affects your dexterity (+3).
   rF:        It protects you from fire.
   rC:        It makes you vulnerable to cold.
   Will:      It increases your willpower.
 J - the amulet of Wonder {Acrobat Harm rCorr Int-4}
   (You found it on level 1 of the Swamp)

   [amulet of the acrobat]

   It increases your evasion while moving and waiting.
   Int:       It affects your intelligence (-4).
   rCorr:     It protects you from acid and corrosion.
   Harm:      It increases damage dealt and taken.
 M - a +4 ring of protection
 N - the ring "Igoiga" {*Corrode rN+ Str+3 Int+4}
   (You found it in a treasure trove)

   [ring of positive energy]

   Str:       It affects your strength (+3).
   Int:       It affects your intelligence (+4).
   rN:        It protects you from negative energy.
   *Corrode:  It may corrode you when you take damage.
 O - an amulet of guardian spirit
 P - a +6 ring of strength
 Q - a ring of protection from fire
 T - the ring "Kygodoj" (left paw) {rPois rC+ Int+4 Dex+4}
   (You acquired it on level 2 of the Vaults)

   [ring of protection from cold]

   Int:       It affects your intelligence (+4).
   Dex:       It affects your dexterity (+4).
   rC:        It protects you from cold.
   rPois:     It protects you from poison.
 W - the ring of Youthful Indiscretion {Ice rPois Stlth+}
   (You found it in a treasure trove)

   [ring of ice]

   It enhances your ice magic.
   rF:        It makes you vulnerable to fire.
   rC:        It protects you from cold.
   rPois:     It protects you from poison.
   Stlth:     It makes you more stealthy.
 X - an amulet of the acrobat
Wands
 o - a wand of roots (15)
 u - a wand of flame (103)
 B - a wand of light (15)
 C - a wand of charming (34)
 F - a wand of digging (2)
 K - a wand of mindburst (20)
 S - a wand of polymorph (23)
Scrolls
 f - 12 scrolls of teleportation
 g - 4 scrolls of fear
 j - a scroll of amnesia
 m - 3 scrolls of silence
 r - 7 scrolls of blinking
 w - 3 scrolls of fog
 x - 4 scrolls of summoning
 y - 7 scrolls of poison
 D - 27 scrolls of identify
Potions
 a - 2 potions of magic
 b - 6 potions of brilliance
 c - 5 potions of enlightenment
 d - 12 potions of might
 e - 4 potions of invisibility
 i - 8 potions of heal wounds
 k - 4 potions of attraction
 n - 3 potions of mutation
 p - 12 potions of curing
 z - 11 potions of haste
 A - 3 potions of cancellation
 E - 2 potions of berserk rage
 U - 2 potions of resistance
 V - 6 potions of ambrosia
Miscellaneous
 l - a phantom mirror
 G - a box of beasts
 L - a piece from Xom's chessboard (15/15)
 R - a phial of floods


   Skills:
 + Level 21.5 Fighting
 - Level 18.0 Dodging
 - Level 15.0 Stealth
 - Level 12.0 Unarmed Combat
 - Level 18.0 Spellcasting
 - Level 5.0 Conjurations
 - Level 16.0 Summonings
 - Level 16.0 Translocations
 - Level 11.0 Transmutations
 - Level 3.0 Ice Magic
 - Level 6.0 Air Magic
 - Level 11.0 Earth Magic
 - Level 12.0 Evocations


You had 3 spell levels left.
You knew the following spells:

 Your Spells              Type           Power      Damage    Failure   Level
b - Summon Ice Beast      Ice/Summ       76%        N/A       1%          4
d - Irradiate             Conj/Tmut      35%        3d23      1%          5
e - Monstrous Menagerie   Summ           48%        N/A       1%          7
f - Summon Forest         Summ/Tloc      48%        N/A       1%          5
g - Malign Gateway        Summ/Tloc      48%        N/A       1%          7
h - Summon Hydra          Summ           48%        N/A       1%          7
r - Petrify               Tmut/Erth      81%        N/A       1%          4
s - Summon Lightning Spi  Summ/Air       81%        N/A       1%          4
t - Leda's Unmaking       Conj/Erth      35%        9d6       7%          6
z - Statue Form           Tmut/Erth      54%        N/A       1%          6

Your spell library contained the following spells:

 Spells                   Type           Power      Damage    Failure   Level
 Beastly Appendage        Tmut           100%       N/A       0%          1
 Sandblast                Erth           100%       2d20      0%          1
 Summon Small Mammal      Summ           100%       N/A       0%          1
 Call Imp                 Summ           100%       N/A       0%          2
 Call Canine Familiar     Summ           96%        N/A       0%          3
 Gell's Gravitas          Tloc           96%        N/A       0%          3
 Teleport Other           Tloc           96%        N/A       0%          3
 Shock                    Conj/Air       100%       1d9       1%          1
 Sting                    Tmut/Pois      100%       1d8       1%          1
 Cigotuvi's Dreadful Rot  Necr/Pois/Air  88%        N/A       1%          2
 Passwall                 Tmut/Erth      67%        N/A       1%          2
 Poisonous Vapours        Pois/Air       100%       N/A       1%          2
 Static Discharge         Conj/Air       100%       2-7/arc   1%          2
 Sublimation of Blood     Necr           30%        N/A       1%          2
 Wereblood                Tmut           81%        N/A       1%          2
 Hailstorm                Conj/Ice       55%        3d12      1%          3
 Ignite Poison            Fire/Tmut/Pois 70%        N/A       1%          3
 Stone Arrow              Conj/Erth      100%       3d13      1%          3
 Summon Guardian Golem    Hex/Summ       71%        N/A       1%          3
 Vhi's Electric Charge    Tloc/Air       100%       N/A       1%          3
 Inner Flame              Hex/Fire       45%        N/A       3%          3
 Tukima's Dance           Hex            30%        N/A       3%          3
 Passage of Golubria      Tloc           96%        N/A       0%          4
 Airstrike                Air            31%        2d(5-21)  1%          4
 Ice Form                 Ice/Tmut       67%        N/A       1%          4
 Blade Hands              Tmut           40%        N/A       1%          5
 Dispersal                Tloc           48%        N/A       1%          6
 Alistair's Intoxication  Tmut/Pois      40%        N/A       3%          5
 Borgnjor's Vile Clutch   Necr/Erth      30%        N/A       3%          5
 Yara's Violent Unravell  Hex/Tmut       30%        3d13      3%          5
 Iskenderun's Battlesphe  Conj           59%        2d11      4%          5
 Silence                  Hex/Air        25%        N/A       10%         5
 Olgreb's Toxic Radiance  Pois           30%        N/A       12%         4
 Fireball                 Conj/Fire      31%        3d13      12%         5
 Spellforged Servitor     Conj/Summ      40%        N/A       13%         7
 Metabolic Englaciation   Hex/Ice        20%        N/A       17%         5
 Eringya's Noxious Bog    Tmut/Pois      30%        N/A       19%         6
 Storm Form               Tmut/Air       36%        N/A       30%         7
 Death Channel            Necr           15%        N/A       87%         6
 Ozocubu's Refrigeration  Ice            25%        4d13      96%         7
 Enfeeble                 Hex            15%        N/A       100%        7
 Discord                  Hex            15%        N/A       100%        8
 Ignition                 Fire           22%        3d8       100%        8
 Maxwell's Capacitive Co  Air            31%        ∞         100%        8
 Polar Vortex             Ice            25%        N/A       100%        9
 Animate Armour           Summ/Erth      Unusable   N/A       N/A         4
 Animate Dead             Necr           Unusable   N/A       N/A         4
 Simulacrum               Ice/Necr       Unusable   N/A       N/A         6

Dungeon Overview and Level Annotations

Branches:
Dungeon (15/15)            Temple (1/1) D:5            Lair (5/5) D:9
  Swamp (4/4) Lair:3       Spider (4/4) Lair:2        Slime (0/5) Lair:5
    Orc (2/2) D:9             Elf (0/3) Orc:2        Vaults (4/5) D:13
  Crypt (0/3) Vaults:3     Depths (4/4) D:15            Zot (5/5) Depths:4
 Bailey (visited)           IceCv (visited)         Gauntlet (visited)

Altars:
Ashenzari
Cheibriados
Dithmenos
Elyvilon
Fedhas
Gozag
Hepliaklqana
Kikubaaqudgha
Makhleb
Nemelex Xobeh
Okawaru
Qazlal
Ru
Sif Muna
Trog
Uskayaw
Vehumet
Wu Jian
Xom
Yredelemnul
Zin
The Shining One
Jiyva
Lugonu

Shops:
D:2 [   D:7 ?   D:10 ([   D:15 :=!!   Orc:2 *[(:   Vaults:2 ?(   Vaults:4 [:
Depths:4 (*:

Portals:
Hell: Depths:1 Depths:2 Depths:3 Depths:4
Abyss: Lair:5 Depths:2 Depths:3 Depths:4
Pandemonium: Depths:2
Ziggurat: Depths:1

Annotations:
D:1 1 runed translucent door
D:6 5 runed translucent doors
D:12 1 exclusion
Lair:5 exclusion: 2 doors
Spider:4 1 exclusion
Depths:1 4 runed translucent doors, exclusion: orange crystal statue, Midn8's ghost, adept DrCj


Innate Abilities, Weirdness & Mutations

You have sharp claws.
You have razor-sharp teeth.
You have supernaturally acute eyesight. (SInv)
You cover ground quickly. (Speed+)
Your thick and shaggy fur keeps you warm. (AC +3, rC+)
Your paws help you pounce on unaware monsters.
You are incapable of wielding weapons or throwing items.
You cannot wear armour.
You gain extra lives every three experience levels.
You are resistant to electric shocks. (rElec)


Message History

The Orb Guardian dies!
You now have 14633 gold pieces (gained 27).
A large abomination and a tentacled monstrosity come into view.
Something tentacle-slaps your eldritch tentacle. x2
Something tentacle-slaps your eldritch tentacle but does no damage.
Something grabs your eldritch tentacle.
Your eldritch tentacle is constricted.
You revert to your normal fleshy form.
Something tentacle-slaps your eldritch tentacle but does no damage.
Something tentacle-slaps your eldritch tentacle.
Something tentacle-slaps your eldritch tentacle but does no damage.
Your eldritch tentacle is constricted.
Something tentacle-slaps your eldritch tentacle.
Something tentacle-slaps your eldritch tentacle but does no damage. x2
Your eldritch tentacle is constricted!
There is a stone staircase leading up here.
You climb upwards.
There is a stone staircase leading down here.
(D) Dungeon (T) Temple (L) Lair (S) Swamp (N) Spider Nest (M) Slime Pits (O) Orcish Mines (E) Elven Halls (V) Vaults (C) Crypt (U) Depths (H) Hell (Z) Zot
Where to? (Enter - D:1 @ (x,y), ? - help)
What level of the Dungeon? (default 1, ? - help)
There is a stone staircase leading up here.
You climb upwards.
There is a stone staircase leading down here.
There is an open door here.
There is an open door here.
There is a stone staircase leading up here.
You climb upwards.
There is a stone staircase leading down here.
You see here a +0 orcbow.
You see here a +0 club.
There is an open door here.
There is a stone staircase leading up here.
You climb upwards.
Level annotation: 1 runed translucent door
There is a stone staircase leading down here.
There is a staircase leading out of the dungeon here.
You have escaped!

P# #....### #....... .#
########......## #....... P#
##..........##^.## #....... .##
#..############..###......# #.#
#.##############........... ###
#.......................... ##
#..###+#######+###..#####.. .#
#..#..⌠...>...⌠..#..####### .##
#..#......@......#.....####
..#####..'⌠....###....⌠'..##...##
#........#.............#.#####..#
######.#.#######+#######.# #.....
#.#.#..JrrBBhB... #.# #.....
#.#.#.$.JJhrBJ....#.# #.....
#.#.#......r....B.#.# #.....
#.#.###############.# #.....
#.#.................# ######


There were no monsters in sight!

Vanquished Creatures
  3 orbs of fire (Zot:5)
  An ancient lich (Zot:5)
  2 Killer Klowns (Zot:5)
  3 golden dragons
  Arachne (Spider:3)
  Jory (Vaults:2)
  2 electric golems
  4 hellephants (Depths:1)
  A tentacled monstrosity (Zot:4)
  Rupert (Vaults:4)
  5 Orb Guardians
  A walking divine tome (Depths:3)
  An eldritch tentacle (Depths:2)
  A tentacled starspawn (Abyss:3)
  A shadow dragon (Zot:5)
  A sphinx (Vaults:3)
  2 storm dragons (Zot:5)
  A thorn hunter (Swamp:3)
  A tengu reaver (Vaults:4)
  Donald (Spider:3)
  3 fire giants
  2 draconian monks
  A draconian knight (Zot:5)
  The ghost of MrSquiggles the Sensei, an adept HuWn of Kikubaaqudgha (Swamp:1)
  4 vault wardens
  A draconian scorcher (Zot:5)
  2 frost giants
  2 emperor scorpions (Spider:4)
  3 ghost moths
  2 ghouls
  6 ironbound preservers
  A balrug (Abyss:3)
  A very ugly thing (Depths:2)
  2 stone giants (Depths:4)
  A formless jellyfish (Vaults:3)
  Nessos (D:15)
  2 vampire knights
  2 ironbound thunderhulks
  A lorocyproca (Zot:2)
  2 green draconians
  5 spark wasps
  A white draconian (Zot:4)
  Azrael (D:15)
  3 eleionomae
  6 dire elephants
  A red draconian (Zot:5)
  2 blizzard demons (Abyss:3)
  An ettin (D:15)
  2 fire dragons
  A crystal guardian (Vaults:4)
  A green death (Depths:1)
  A quicksilver dragon skeleton (D:15)
  3 entropy weavers
  2 yaktaur captains (Vaults:2)
  2 ice dragons
  4 spriggan air magi
  3 hydras
  A hell beast (Depths:2)
  A great orb of eyes (Vaults:3)
  2 ironbound frosthearts
  A centaur warrior (Vaults:3)
  3 boulder beetles
  A radroach (Lair:2)
  2 vampire magi
  3 alligators (Swamp:1)
  A deep troll shaman (Depths:2)
  A deep troll earth mage (Depths:4)
  3 tengu warriors
  6 demonic crawlers
  A thrashing horror (Abyss:3)
  5 hell hogs (Depths:1)
  2 spriggan berserkers
  3 sun demons (Abyss:3)
  A spriggan (Swamp:4)
  2 hell knights
  2 wretched stars (Abyss:3)
  4 iron trolls
  2 sun moths
  A pharaoh ant (Spider:3)
  20 deep trolls
  2 wizards
  An orb spider (Spider:4)
  7 steelbarb worms
  2 swamp dragons (Swamp:4)
  5 lindwurms
  A phantasmal warrior (D:15)
  A harpy (D:15)
  A bog body (Swamp:1)
  A shadow dragon zombie (Vaults:2)
  3 ironbound convokers
  A necromancer (Vaults:3)
  A will-o-the-wisp (Swamp:2)
  5 orc knights (Vaults:3)
  10 wolf spiders
  A manticore (D:15)
  5 ugly things
  A cyclops (D:13)
  An orc sorcerer (Orc:2)
  A worldbinder (Abyss:3)
  2 vault sentinels
  13 moths of wrath
  A rust devil (Depths:2)
  3 nameless horrors
  2 smoke demons
  A fire giant skeleton (D:15)
  A stone giant skeleton (D:15)
  3 torpor snails
  An unseen horror (Depths:2)
  A hellion (Zot:2)
  7 yaktaurs
  A tengu conjurer (Depths:2)
  4 meliai
  3 tyrant leeches (Swamp:3)
  8 tarantellas
  2 hornets
  A hellwing (Depths:2)
  3 raiju (Abyss:3)
  5 slime creatures
  9 jumping spiders
  2 culicivoras
  A spriggan (shapeshifter) (D:15)
  3 small abominations (Depths:2)
  A yak (Lair:1)
  A ynoxinul (Abyss:3)
  2 wraiths (Spider:1)
  A fire elemental (D:15)
  A chaos spawn (Depths:2)
  30 redbacks
  A steam dragon (D:7)
  5 swamp worms
  2 water moccasins
  2 hell hounds (D:15)
  A floating eye (Depths:1)
  2 swamp drakes (Swamp:4)
  3 orc warriors
  A wight (D:7)
  A lindwurm simulacrum (IceCv)
  A howler monkey (D:14)
  A komodo dragon simulacrum (IceCv)
  An orc priest (Orc:1)
  A gnoll bouda (D:6)
  4 starcursed masses (Abyss:3)
  A white imp (Abyss:3)
  4 orcs
  An endoplasm (D:2)
  2 giant cockroaches
  A goblin (D:4)
  3 bats
  4 frilled lizards
  A rat (D:1)
387 creatures vanquished.

Vanquished Creatures (collateral kills)
  A pandemonium lord (D:11)
  2 ancient liches (Zot:5)
  An orb of fire (Zot:5)
  2 juggernauts
  the Lernaean hydra (Swamp:4)
  Saint Roka (Depths:3)
  Margery (Depths:3)
  4 Killer Klowns
  3 golden dragons
  A curse toe (Zot:5)
  An electric golem (Zot:5)
  5 tentacled monstrosities
  2 liches
  21 Orb Guardians
  A titan (Depths:3)
  2 quicksilver dragons
  A walking divine tome (Depths:3)
  5 sphinxes
  A tentacled starspawn (Abyss:3)
  2 ancient champions
  Kirke (Lair:5)
  4 death cobs
  5 storm dragons
  Agnes (Spider:1)
  2 shadow dragons
  Gastronok (D:8)
  2 tengu reavers
  An iron dragon (shapeshifter) (D:15)
  4 emperor scorpions (Spider:4)
  9 fire giants
  7 frost giants
  2 draconian knights
  4 ghost moths
  8 vault wardens
  A draconian shifter (Zot:5)
  Louise (Depths:3)
  A draconian scorcher (Zot:5)
  2 ghouls (Swamp:4)
  2 orc warlords
  11 ironbound preservers
  A spriggan defender (Depths:2)
  7 stone giants
  2 vampire knights
  A black draconian (Zot:5)
  9 very ugly things
  A broodmother (Spider:4)
  2 ironbound thunderhulks
  5 purple draconians
  11 dire elephants
  2 green draconians
  4 eleionomae
  2 red draconians
  4 bunyips
  2 spark wasps (D:15)
  3 yellow draconians
  6 white draconians
  5 ettins
  Josephine (Spider:1)
  A merfolk impaler (Abyss:3)
  A quicksilver dragon zombie (Depths:3)
  3 jiangshi (Depths:2)
  2 entropy weavers (Vaults:4)
  A great orb of eyes (Vaults:3)
  4 rakshasas
  12 fire dragons
  11 yaktaur captains
  8 hydras
  6 ironbound frosthearts
  2 ghost crabs
  2 boulder beetles
  A radroach (Spider:4)
  6 ice dragons
  2 peacekeepers
  The ghost of innerfire43 the Carver, a journeyman DsMo of Jiyva (Orc:1)
  5 centaur warriors
  10 deep troll shamans
  An ogre mage (Vaults:1)
  5 alligators
  7 vault guards
  Erica (Orc:1)
  6 death yaks (Lair:5)
  3 tengu warriors (D:15)
  10 two-headed ogres
  8 deep troll earth magi
  4 hell hogs (Depths:1)
  A shock serpent (shapeshifter) (D:15)
  2 thrashing horrors
  3 vampire magi
  5 spriggan berserkers
  4 orc high priests (Orc:2)
  5 demonic crawlers
  2 skeletal warriors (D:15)
  3 iron trolls
  13 hell knights
  A soul eater (Depths:2)
  2 skysharks
  5 pharaoh ants
  A spriggan druid (Swamp:4)
  A sun moth (Spider:2)
  64 deep trolls
  A spark wasp zombie (D:15)
  10 swamp dragons
  A death drake (Swamp:4)
  2 flayed ghosts (Depths:2)
  7 orb spiders
  A glowing orange brain (Depths:2)
  3 goliath frogs
  A spriggan simulacrum (Depths:3)
  A phantasmal warrior (Vaults:3)
  2 steelbarb worms (Spider:1)
  11 orc knights
  3 bog bodies
  5 wizards
  6 ironbound convokers
  10 necromancers
  A fire giant zombie (Depths:2)
  A deep elf pyromancer (D:12)
  A harpy (Vaults:3)
  6 wolf spiders
  3 lindwurms
  A cyclops (Orc:1)
  A shadow dragon skeleton (Vaults:4)
  A human zombie (Vaults:4)
  29 ugly things
  5 will-o-the-wisps
  3 orc sorcerers
  2 manticores (D:13)
  A frost giant zombie (Vaults:2)
  2 human skeletons (Vaults:2)
  A rust devil (D:11)
  A fire giant skeleton (Depths:2)
  5 black mambas
  8 moths of wrath
  7 elephants (Lair:3)
  2 ice statues (IceCv)
  A guardian serpent (D:13)
  3 torpor snails
  8 vault sentinels
  2 smoke demons
  3 gargoyles
  6 cane toads
  4 unseen horrors
  A yaktaur zombie (Vaults:4)
  6 rime drakes
  9 komodo dragons
  2 kobold demonologists (D:11)
  A tormentor (Depths:2)
  37 yaktaurs
  5 efreet
  3 tengu conjurers
  A golden dragon simulacrum (Depths:2)
  7 trolls
  13 hornets
  10 polar bears
  2 ancient zymes (Lair:5)
  A sphinx simulacrum (Depths:3)
  2 meliai (Spider:3)
  Grinder (D:5)
  12 tarantellas
  4 tyrant leeches
  4 dream sheep (Lair:4)
  2 raiju (Abyss:3)
  21 blink frogs
  6 large abominations
  A fire giant simulacrum (Depths:3)
  26 slime creatures
  18 culicivoras
  15 jumping spiders
  15 spriggans
  A centaur simulacrum (D:15)
  6 wraiths
  A vampire (D:8)
  A ynoxinul (Abyss:3)
  4 basilisks
  57 yaks
  A fire elemental (D:15)
  6 wyverns
  A hog (shapeshifter) (D:15)
  7 steam dragons
  5 hogs (Lair:5)
  12 small abominations
  17 vampire mosquitoes
  8 chaos spawn
  4 swamp worms
  35 redbacks
  2 wargs
  20 water moccasins
  5 acid dragons
  3 hell hounds (D:15)
  4 swamp drakes
  52 orc warriors
  A sky beast (D:6)
  4 ice beasts (D:7)
  7 ogres
  8 wolves
  6 black bears
  3 boggarts (Vaults:1)
  11 centaurs
  A phantom (D:7)
  2 kobold brigands (D:11)
  Blork the orc (D:6)
  10 bullfrogs
  2 gnoll sergeants (D:7)
  7 scorpions
  A wight (D:7)
  10 killer bees
  A human simulacrum (Vaults:4)
  3 lindwurm simulacra (IceCv)
  5 nameless horrors
  An electric eel (Lair:4)
  12 howler monkeys
  6 komodo dragon simulacra (IceCv)
  4 hounds
  A jelly (D:4)
  Crazy Yiuf (D:6)
  A gnoll bouda (D:6)
  11 orc priests
  A sleepcap (D:7)
  4 iguanas
  2 starcursed masses (Abyss:3)
  Jessica (D:2)
  20 orc wizards
  3 adders
  8 acid dragon simulacra (IceCv)
  26 gnolls
  A shadow imp (D:7)
  2 white imps
  An ufetubus (D:5)
  2 steam dragon simulacra (IceCv)
  A dart slug (D:1)
  88 orcs
  7 endoplasms
  A giant cockroach (D:3)
  7 goblins
  9 hobgoblins
  8 jackals
  2 quokkas
  4 ball pythons
  A bat (D:2)
  2 frilled lizards (D:1)
  11 kobolds
  2 rats (D:1)
  A snaplasher vine (Orc:1)
  2 starspawn tentacles (Abyss:3)
1416 creatures vanquished.

Vanquished Creatures (others)
  115 eldritch tentacles
  2 storm dragons (Zot:5)
  A frost giant (Depths:2)
  A purple draconian (Depths:4)
  A red draconian (Zot:3)
  An ice dragon (Depths:1)
  A glowing orange brain (Depths:2)
  A bloated husk (Swamp:3)
  A culicivora (Spider:1)
  An ogre (Orc:1)
  An orc wizard (Orc:2)
  17 foxfires
  72 snaplasher vines
  4 starspawn tentacles (Abyss:3)
219 creatures vanquished.

Grand Total: 2022 creatures vanquished

Notes
Turn   | Place    | Note
-------+----------+-------------------------------------------
     0 | D:1      | Midn8 the Felid Summoner began the quest for the Orb.
     0 | D:1      | Reached XP level 1. HP: 7/7 MP: 4/4
     1 | D:1      | Found a runed translucent door.
   421 | D:1      | Reached XP level 2. HP: 11/11 MP: 6/6
   590 | D:1      | Learned a level 2 spell: Call Imp
   696 | D:1      | Found a faded altar of an unknown god.
  1081 | D:2      | Noticed Jessica
  1101 | D:2      | Reached skill level 5 in Summonings
  1165 | D:2      | Reached XP level 3. HP: 10/14 MP: 3/7
  1205 | D:2      | Learned a level 3 spell: Call Canine Familiar
  1474 | D:2      | Reached XP level 4. HP: 18/18 MP: 2/8
  2035 | D:2      | Killed Jessica
  2273 | D:2      | Found Zagiewni's Antique Armour Emporium.
  2613 | D:3      | Reached XP level 5. HP: 21/21 MP: 3/10
  3189 | D:3      | Found a sparkling altar of Nemelex Xobeh.
  3215 | D:3      | Reached skill level 1 in Fighting
  3446 | D:3      | Identified the +0 chain mail "Bihy" {Int+4 Stlth-}
  3735 | D:4      | Found a white marble altar of Elyvilon.
  3747 | D:4      | Reached skill level 2 in Fighting
  3977 | D:4      | Upgraded the game from 0.31-a0-198-g2ad674f65e to
                  | 0.31-a0-204-g7da18cac08
  3996 | D:4      | Got Sif Muna's Notes on Red Configuration
  4221 | D:4      | Reached skill level 3 in Fighting
  4271 | D:4      | Gained mutation: You are covered in thick fur. (AC +2)
                  | [Felid growth]
  4271 | D:4      | Reached XP level 6. HP: 28/28 MP: 9/11
  4948 | D:5      | Entered Level 5 of the Dungeon
  4954 | D:5      | Noticed Grinder
  5128 | D:5      | Reached skill level 5 in Dodging
  5215 | D:5      | Killed Grinder
  5216 | D:5      | Reached XP level 7. HP: 31/31 MP: 1/12
  5221 | D:5      | Learned a level 4 spell: Summon Lightning Spire
  5847 | D:5      | Found a staircase to the Ecumenical Temple.
  5853 | Temple   | Entered the Ecumenical Temple
  5869 | Temple   | Became a worshipper of Gozag Ym Sagoz the Greedy
  6235 | D:5      | Found a hide-covered altar of Uskayaw.
  6265 | D:5      | Found a glowing silver altar of Zin.
  6571 | D:6      | Found a hazy altar of Hepliaklqana.
  6700 | D:6      | Reached XP level 8. HP: 34/34 MP: 1/15
  7560 | D:6      | Found a runed translucent door.
  7561 | D:6      | Noticed Crazy Yiuf
  7600 | D:6      | Killed Crazy Yiuf
  7909 | D:6      | Noticed Blork the orc
  7920 | D:6      | Killed Blork the orc
  7921 | D:6      | Reached skill level 5 in Spellcasting
  7944 | D:6      | Found the +9 staff of Olgreb {rPois∞}
  7963 | D:6      | Found a runed translucent door.
  7965 | D:6      | Found a runed translucent gate.
  7967 | D:6      | Found a runed translucent gate.
  7973 | D:6      | Found a runed translucent gate.
  8183 | D:6      | Found a runed translucent door.
  9133 | D:7      | Reached XP level 9. HP: 20/38 MP: 3/17
  9209 | D:7      | Reached skill level 4 in Fighting
  9406 | D:7      | Reached skill level 5 in Fighting
  9619 | D:7      | Reached skill level 5 in Air Magic
  9690 | D:7      | Found a bloodstained altar of Trog.
  9848 | D:7      | Found a glowing golden altar of the Shining One.
  9848 | D:7      | Found a snail-covered altar of Cheibriados.
  9852 | D:7      | Killed from afar by an acid dragon
  9853 | D:7      | Reached XP level 8. HP: -7/37 MP: 9/16
  9915 | D:7      | Reached XP level 9. HP: 40/40 MP: 7/17
  9932 | D:7      | Reached skill level 10 in Dodging
 10047 | D:7      | Found a shadowy altar of Dithmenos.
 10153 | D:7      | Reached skill level 6 in Fighting
 10186 | D:7      | Identified the +5 rapier of Gangah {chaos, rElec rPois
                  | Str-2 Dex+8}
 10394 | D:7      | Found a shimmering blue altar of Sif Muna.
 10447 | D:7      | Reached skill level 7 in Fighting
 10447 | D:7      | Reached skill level 1 in Evocations
 10898 | D:7      | Found a shimmering altar of Xom.
 11014 | D:7      | Found Uviapum's Magic Scroll Boutique.
 11020 | D:7      | Bought a scroll of revelation for 112 gold pieces
 11020 | D:7      | Bought a scroll of fear for 60 gold pieces
 11020 | D:7      | Bought a scroll of fog for 60 gold pieces
 11223 | D:7      | Identified the staff of Innocence {Fly rC+ Ice}
 11226 | D:7      | Identified the ring of Revvar {rPois Int+6 Dex+3 Stlth+}
 11232 | D:7      | Identified the +0 scale mail "Nofoaxof" {rCorr Dex-2
                  | Slay+3}
 11342 | D:7      | Noticed a troll
 11363 | D:7      | Killed a troll
 11367 | D:7      | Learned a level 2 spell: Passwall
 11371 | D:7      | Learned a level 3 spell: Stone Arrow
 11591 | D:7      | Reached skill level 1 in Earth Magic
 11591 | D:7      | Reached XP level 10. HP: 47/47 MP: 10/18
 11639 | D:7      | Found a shimmering blue altar of Sif Muna.
 12452 | D:8      | Noticed Gastronok
 12467 | D:8      | Killed Gastronok
 12468 | D:8      | Reached skill level 5 in Earth Magic
 12468 | D:8      | Reached skill level 1 in Conjurations
 13124 | D:8      | Found a shadowy altar of Dithmenos.
 13676 | D:9      | Noticed a two-headed ogre
 13678 | D:9      | Noticed a two-headed ogre
 13683 | D:9      | Found a staircase to the Orcish Mines.
 13690 | D:9      | Found a burning altar of Makhleb.
 13900 | D:9      | Found a flagged portal.
 13909 | Bailey   | Entered a bailey
 14247 | Bailey   | Noticed an orc knight
 14261 | Bailey   | Killed an orc knight
 14352 | Bailey   | Noticed an orc knight
 14373 | Bailey   | Killed an orc knight
 14374 | Bailey   | Reached skill level 5 in Conjurations
 14655 | D:9      | Reached XP level 11. HP: 50/50 MP: 11/20
 14849 | D:9      | Killed a two-headed ogre
 14870 | D:9      | Reached skill level 5 in Stealth
 14998 | D:9      | Found a staircase to the Lair.
 15205 | D:9      | Noticed a two-headed ogre
 15214 | D:9      | Reached skill level 8 in Fighting
 15228 | D:9      | Killed a two-headed ogre
 15251 | D:9      | Killed a two-headed ogre
 15252 | D:9      | Reached skill level 9 in Fighting
 15451 | D:9      | Found a sacrificial altar of Ru.
 15538 | D:9      | Found a stormy altar of Qazlal.
 15919 | D:10     | Entered Level 10 of the Dungeon
 15919 | D:10     | Found Juplasuarr's Antique Armour Emporium.
 16164 | D:10     | Found Qugg's Antique Weapon Boutique.
 16208 | D:10     | Found a snail-covered altar of Cheibriados.
 16303 | D:10     | Noticed a two-headed ogre
 16315 | D:10     | Killed a two-headed ogre
 16316 | D:10     | Reached skill level 10 in Fighting
 16419 | D:10     | Found an ornate altar of the Wu Jian Council.
 16729 | Lair:1   | Entered Level 1 of the Lair of Beasts
 17043 | Lair:1   | Gained mutation: Your thick and shaggy fur keeps you warm.
                  | (AC +3, rC+) [Felid growth]
 17043 | Lair:1   | Reached XP level 12. HP: 58/58 MP: 13/23
 18340 | Lair:2   | Found a hole to the Spider Nest.
 18352 | Lair:2   | Reached skill level 10 in Summonings
 18354 | Lair:2   | Reached skill level 1 in Unarmed Combat
 18809 | Lair:2   | Identified a scroll of acquirement
 18810 | Lair:2   | Acquired the Octavo of Gaseous Assembling
 18818 | Lair:2   | Learned a level 5 spell: Summon Forest
 19016 | Lair:3   | Reached skill level 1 in Translocations
 19160 | Lair:3   | Found a staircase to the Swamp.
 19392 | Lair:3   | Reached skill level 5 in Translocations
 19652 | Lair:3   | Reached XP level 13. HP: 61/61 MP: 5/24
 20289 | Lair:3   | Learned a level 4 spell: Summon Ice Beast
 21572 | Lair:5   | Entered Level 5 of the Lair of Beasts
 21705 | Lair:5   | Upgraded the game from 0.31-a0-204-g7da18cac08 to
                  | 0.31-a0-208-gdb31a4691d
 21805 | Lair:5   | Reached skill level 1 in Ice Magic
 22183 | Lair:5   | Found the +4 skin of Zhor {*Englaciate rC+++ SInv}
 22448 | Lair:5   | Found a viscous altar of Jiyva.
 22449 | Lair:5   | Found a staircase to the Slime Pits.
 22917 | Lair:5   | Reached skill level 10 in Earth Magic
 22922 | Lair:5   | Learned a level 4 spell: Petrify
 23080 | Lair:5   | Reached skill level 1 in Transmutations
 24004 | Lair:5   | Noticed Kirke
 24022 | Lair:5   | Killed Kirke
 24024 | Lair:5   | Reached skill level 5 in Transmutations
 24092 | Lair:5   | Reached XP level 14. HP: 66/66 MP: 9/25
 25440 | Lair:5   | Found a corrupted altar of Lugonu.
 25440 | Lair:5   | Found a one-way gate to the infinite horrors of the Abyss.
 26168 | D:11     | Found an opulent altar of Gozag.
 27447 | D:12     | Found a hide-covered altar of Uskayaw.
 28101 | D:13     | Reached skill level 10 in Spellcasting
 28195 | D:12     | Learned a level 6 spell: Statue Form
 28662 | D:13     | Reached skill level 10 in Translocations
 28825 | D:13     | Found a gate to the Vaults.
 28825 | D:13     | Noticed an ironbound preserver
 29446 | D:13     | Identified the staff of the Past {rN+ Str+4 Dex-2 Necro
                  | Tloc}
 30547 | D:14     | Found a gate leading to a gauntlet.
 30582 | Gauntlet | Entered a Gauntlet
 30582 | Gauntlet | Found a transporter.
 30589 | Gauntlet | Found a transporter.
 30592 | Gauntlet | Found a transporter.
 30593 | Gauntlet | Found a transporter.
 30602 | Gauntlet | Found a transporter.
 30604 | Gauntlet | Found a transporter.
 30605 | Gauntlet | Found a transporter.
 30616 | Gauntlet | Found a transporter.
 30616 | Gauntlet | Found a transporter.
 30617 | Gauntlet | Found a transporter.
 30623 | Gauntlet | Found a runed translucent gate.
 30623 | Gauntlet | Found a runed translucent gate.
 30623 | Gauntlet | Found a runed translucent gate.
 30889 | D:15     | Entered Level 15 of the Dungeon
 30900 | D:15     | Found Usunn's Jewellery Emporium.
 31066 | Orc:1    | Entered Level 1 of the Orcish Mines
 31296 | Orc:2    | Entered Level 2 of the Orcish Mines
 31470 | Orc:2    | Found Kiteniew's Book Emporium.
 31648 | Orc:2    | Found Jethrilos's Antique Weapon Shoppe.
 31722 | Orc:2    | Found a frozen archway.
 31833 | IceCv    | Entered an ice cave
 32012 | IceCv    | Reached XP level 15. HP: 69/69 MP: 21/30
 32300 | IceCv    | Reached skill level 10 in Transmutations
 33330 | Orc:2    | Found a staircase to the Elven Halls.
 33344 | Orc:2    | Found Beuh's Antique Armour Shop.
 33372 | Orc:2    | Found Lezaigou's General Store.
 33403 | Orc:2    | Bought a phial of floods for 680 gold pieces
 33403 | Orc:2    | Bought a potion of heal wounds for 85 gold pieces
 33757 | Orc:1    | Noticed Erica
 33766 | Orc:1    | Killed Erica
 33882 | Orc:1    | Noticed innerfire43's ghost (journeyman DsMo)
 33952 | Orc:1    | Found a runed translucent door.
 34001 | Orc:1    | Killed innerfire43's ghost
 34678 | D:15     | Found a staircase to the Depths.
 35028 | D:15     | Found a portal to a secret trove of treasure.
 35533 | D:15     | Noticed Nessos
 35541 | D:15     | Killed Nessos
 35569 | D:15     | Found Jisigi's Distillery.
 35572 | D:15     | Bought 2 potions of heal wounds for 130 gold pieces
 35572 | D:15     | Bought a potion of heal wounds for 65 gold pieces
 35572 | D:15     | Bought 2 potions of heal wounds for 130 gold pieces
 35572 | D:15     | Bought a potion of resistance for 130 gold pieces
 35572 | D:15     | Bought a potion of haste for 130 gold pieces
 35572 | D:15     | Bought a potion of invisibility for 104 gold pieces
 35580 | D:15     | Found Ihuamnaur's Distillery.
 35682 | D:15     | Learned a level 5 spell: Irradiate
 35878 | D:15     | Noticed a golden dragon
 36090 | Spider:1 | Entered Level 1 of the Spider Nest
 36096 | Spider:1 | Noticed Agnes
 36099 | Spider:1 | Killed Agnes
 36378 | Spider:1 | Reached skill level 5 in Unarmed Combat
 37062 | Spider:1 | Noticed Josephine
 37201 | Spider:1 | Killed Josephine
 37438 | Spider:2 | Reached XP level 16. HP: 68/68 MP: 19/33
 37825 | Spider:2 | Identified the +0 robe of the Present {Regen+ Dex+5}
 39248 | Spider:3 | Noticed Donald
 39372 | Spider:3 | Killed Donald
 39743 | Spider:3 | Noticed Arachne
 39754 | Spider:3 | Killed Arachne
 39867 | Spider:3 | Reached skill level 11 in Fighting
 40063 | Spider:3 | Identified the +3 leather armour of the Grue {rN+ Regen+
                  | Str+2}
 41626 | Spider:4 | Entered Level 4 of the Spider Nest
 41635 | Spider:4 | Reached skill level 12 in Fighting
 43282 | Spider:4 | Reached XP level 17. HP: 79/79 MP: 21/34
 43876 | Spider:4 | Got a gossamer rune of Zot
 44208 | D:15     | You paid a toll of 6 scrolls of fear to enter a treasure
                  | trove
 44209 | Trove    | Entered a treasure trove
 44217 | Trove    | Identified the amulet "Hurous" {Faith rN+}
 44219 | Trove    | Identified the amulet of the Magpie {RegenMP Str+3 Slay+2}
 44226 | Trove    | Identified the ring "Ocuos" {Wiz Int+3}
 44230 | Trove    | Identified the ring "Qabalir" {Fire Will+ Int+4 Dex+3}
 44232 | Trove    | Identified the ring of Vanity {rCorr SInv}
 44236 | Trove    | Identified the ring of Youthful Indiscretion {Ice rPois
                  | Stlth+}
 44240 | Trove    | Identified the ring "Igoiga" {*Corrode rN+ Str+3 Int+4}
 44244 | Trove    | Identified the ring of Equilibrium {rC+ Str-3 Dex+2 SInv}
 44504 | Swamp:1  | Entered Level 1 of the Swamp
 44522 | Swamp:1  | Learned a level 7 spell: Summon Hydra
 45211 | Swamp:1  | Found a runed translucent door.
 45213 | Swamp:1  | Noticed MrSquiggles's ghost (adept HuWn)
 45257 | Swamp:1  | Killed MrSquiggles's ghost
 45258 | Swamp:1  | Reached skill level 15 in Dodging
 45264 | Swamp:1  | Identified the amulet of Wonder {Acrobat Harm rCorr Int-4}
 45847 | Swamp:3  | Killed from afar by a will-o-the-wisp
 45848 | Swamp:3  | Reached XP level 16. HP: -8/76 MP: 33/33
 45865 | Swamp:3  | Noticed a thorn hunter
 45873 | Swamp:3  | Killed a thorn hunter
 46458 | Swamp:4  | Entered Level 4 of the Swamp
 46497 | Swamp:4  | Reached skill level 5 in Evocations
 46906 | Swamp:4  | Noticed the 27-headed Lernaean hydra
 46912 | Swamp:4  | Killed the 27-headed Lernaean hydra
 46913 | Swamp:4  | Reached XP level 17. HP: 79/79 MP: 24/34
 47061 | Swamp:4  | Got a decaying rune of Zot
 47734 | Vaults:1 | Entered Level 1 of the Vaults
 48658 | Vaults:1 | You fall into a shaft and drop 1 floor!
 48749 | Vaults:2 | Noticed Jory
 48759 | Vaults:2 | Killed Jory
 48768 | Vaults:2 | Reached skill level 10 in Evocations
 48836 | Vaults:2 | Found Yhimm's Weapon Shop.
 49289 | Vaults:2 | Found Itsoyshoch's Magic Scroll Shoppe.
 49314 | Vaults:2 | Reached skill level 10 in Stealth
 49536 | Vaults:2 | Bought a scroll of acquirement for 1040 gold pieces
 49536 | Vaults:2 | Acquired the ring "Kygodoj" {rPois rC+ Int+4 Dex+4}
 49856 | Vaults:1 | Reached XP level 18. HP: 84/84 MP: 28/35
 50046 | Vaults:1 | Reached skill level 15 in Summonings
 52222 | Vaults:3 | Identified the +9 spear "Kotismis" {spect, rF+ Int+4}
 52705 | Vaults:3 | Reached XP level 19. HP: 87/87 MP: 16/38
 52750 | Vaults:3 | Found a staircase to the Crypt.
 53275 | Vaults:4 | Reached skill level 15 in Spellcasting
 53666 | Vaults:4 | Reached skill level 13 in Fighting
 53726 | Vaults:4 | Noticed Rupert
 53741 | Vaults:4 | Killed Rupert
 54239 | Vaults:4 | Reached skill level 14 in Fighting
 54326 | Vaults:4 | Learned a level 7 spell: Monstrous Menagerie
 54409 | Vaults:4 | Reached skill level 15 in Fighting
 54785 | Vaults:4 | Identified the +1 halberd of Uwkic {antimagic, Dex+4}
 54909 | Vaults:4 | Found Qeun Wyrgh's Antique Armour Boutique.
 54918 | Vaults:4 | Bought Jowkaefe's Folio of Position for 630 gold pieces
 54918 | Vaults:4 | Bought a book of Power for 630 gold pieces
 55305 | D:15     | Found Kuwauf's Book Emporium.
 55381 | D:15     | Noticed Azrael
 55387 | D:15     | Killed Azrael
 55775 | Depths:1 | Entered Level 1 of the Depths
 56776 | Depths:1 | Found a runed translucent door.
 56789 | Depths:1 | Found a one-way gateway to a ziggurat.
 56805 | Depths:1 | Learned a level 7 spell: Malign Gateway
 56986 | Depths:1 | Reached XP level 20. HP: 97/97 MP: 31/40
 57059 | Depths:1 | Found a runed translucent gate.
 57060 | Depths:1 | Found a runed translucent gate.
 57061 | Depths:1 | Found a runed translucent gate.
 57061 | Depths:1 | Noticed Midn8's ghost (adept DrCj)
 57542 | Depths:1 | Found a gateway to Hell.
 58105 | Depths:2 | Reached skill level 15 in Translocations
 58701 | Depths:2 | Reached skill level 10 in Unarmed Combat
 58937 | Depths:2 | Noticed a juggernaut
 58945 | Depths:2 | Killed a juggernaut
 59597 | Depths:2 | Reached XP level 21. HP: 100/100 MP: 42/42
 59845 | Depths:2 | Found a one-way gate leading to the halls of Pandemonium.
 60261 | Depths:3 | Noticed Louise
 60271 | Depths:3 | Killed Louise
 60393 | Depths:3 | Noticed Saint Roka
 60454 | Depths:3 | Killed Saint Roka
 60982 | Depths:3 | Noticed Margery
 60991 | Depths:3 | Killed Margery
 61148 | Depths:3 | You fall into a shaft and drop 1 floor!
 61148 | Depths:4 | Entered Level 4 of the Depths
 61241 | Depths:2 | Identified the +4 quarterstaff of Sequestration {vamp,
                  | rElec}
 61729 | Depths:4 | Found Tuimocw's Antique Weapon Shop.
 61798 | Depths:4 | Found Veiniyt's Assorted Antiques.
 62096 | Depths:4 | Noticed a golden dragon
 62354 | Depths:4 | Noticed a juggernaut
 62360 | Depths:4 | Killed a juggernaut
 62465 | Depths:4 | Found Ytreifi's Book Shoppe.
 63134 | Depths:4 | Killed a golden dragon
 63321 | Depths:4 | Found a gate to the Realm of Zot.
 63566 | Depths:4 | Voluntarily entered the Abyss.
 63574 | Abyss:1  | Learned a level 6 spell: Leda's Unmaking
 64014 | Abyss:3  | Found a corrupted altar of Lugonu.
 64015 | Abyss:3  | Got an abyssal rune of Zot
 64037 | Depths:4 | Escaped the Abyss
 64203 | Zot:1    | Entered Level 1 of the Realm of Zot
 64203 | Zot:1    | Noticed a golden dragon
 64209 | Zot:1    | Killed a golden dragon
 64210 | Zot:1    | Reached skill level 15 in Stealth
 64283 | Zot:1    | Reached XP level 22. HP: 103/106 MP: 42/45
 64522 | Zot:2    | Reached skill level 16 in Fighting
 64839 | Zot:2    | Noticed a Killer Klown
 64845 | Zot:2    | Noticed a golden dragon
 64855 | Zot:2    | Killed a golden dragon
 64863 | Zot:2    | Killed a Killer Klown
 65299 | Zot:4    | Reached skill level 17 in Fighting
 65357 | Zot:5    | Entered Level 5 of the Realm of Zot
 65357 | Zot:5    | Noticed a golden dragon
 65429 | Zot:5    | Killed a golden dragon
 65681 | Zot:5    | Found a stormy altar of Qazlal.
 65782 | Zot:5    | Found a bloodstained altar of Trog.
 65827 | Zot:5    | Noticed a golden dragon
 65834 | Zot:5    | Killed a golden dragon
 65939 | Zot:5    | Reached skill level 18 in Fighting
 66308 | Zot:5    | Noticed an ancient lich
 66315 | Zot:5    | Killed an ancient lich
 66526 | Zot:5    | Noticed an orb of fire
 66537 | Zot:5    | Killed an orb of fire
 66669 | Zot:5    | Noticed a Killer Klown
 66727 | Zot:5    | Killed a Killer Klown
 66844 | Zot:5    | Noticed an orb of fire
 66859 | Zot:5    | Gained mutation: You sometimes lose your temper in combat.
                  | [an orb of fire]
 66860 | Zot:5    | Killed an orb of fire
 66861 | Zot:5    | Reached skill level 19 in Fighting
 66966 | Zot:5    | Noticed a Killer Klown
 66983 | Zot:5    | Killed a Killer Klown
 67124 | Zot:5    | Noticed a golden dragon
 67125 | Zot:5    | Noticed a Killer Klown
 67136 | Zot:5    | Killed a golden dragon
 67139 | Zot:5    | Killed a Killer Klown
 67168 | Zot:5    | Noticed an ancient lich
 67182 | Zot:5    | Killed an ancient lich
 67326 | Zot:5    | Noticed an orb of fire
 67341 | Zot:5    | Killed an orb of fire
 67862 | Zot:5    | Noticed a Killer Klown
 67869 | Zot:5    | Killed a Killer Klown
 67870 | Zot:5    | Reached skill level 20 in Fighting
 67891 | Zot:5    | Reached XP level 23. HP: 117/117 MP: 42/46
 68054 | Zot:5    | Noticed a curse toe
 68067 | Zot:5    | Killed a curse toe
 68261 | Zot:5    | Noticed a Killer Klown
 68265 | Zot:5    | Noticed an ancient lich
 68269 | Zot:5    | Killed a Killer Klown
 68271 | Zot:5    | Killed an ancient lich
 68545 | Zot:5    | Noticed an orb of fire
 68561 | Zot:5    | Killed an orb of fire
 68562 | Zot:5    | Reached skill level 21 in Fighting
 68646 | Zot:5    | Got the Orb of Zot
 68648 | Zot:5    | Noticed an orb of fire
 68652 | Zot:5    | Gained mutation: Potions are less effective at restoring
                  | your health. [an orb of fire]
 68656 | Zot:5    | Noticed an orb of fire
 68656 | Zot:5    | Gained mutation: You are dopey. (Int -2) [an orb of fire]
 68666 | Zot:5    | Lost mutation: You are dopey. (Int -2) [an orb of fire]
 68717 | Zot:3    | Lost mutation: Potions are less effective at restoring your
                  | health. [potion of mutation]
 68717 | Zot:3    | Lost mutation: You sometimes lose your temper in combat.
                  | [potion of mutation]
 68717 | Zot:3    | Gained mutation: You are resistant to electric shocks.
                  | (rElec) [potion of mutation]
 68944 | D:15     | Noticed Puhaacixt the pandemonium lord
 69036 | D:11     | Noticed Jino the pandemonium lord
 69050 | D:11     | Killed Jino the pandemonium lord
 69133 | D:8      | Identified the +1 leather armour of Zodyqupt {Fly rN+++
                  | Will- rCorr}
 69274 | D:$      | Escaped with the Orb!

Illustrated notes

Levels and vault maps discovered:
D:1:      dpeg_arrival_caged_fury, layout_basic, shapermc_ecumenical_altar_gd
D:2:      layout_basic, serial_shops, nicolae_shop_trees, uniq_jessica
D:3:      layout_loops_corners, mainiacjoe_overflow_cross_hatched
D:4:      layout_loops_ring, elyvilon_altar_1
D:5:      layout_cave_pools, mainiacjoe_overflow_two_lobes,
          minmay_temple_entry_hall, corexii_item_surrounded_by_moat,
          uniq_grinder
D:6:      layout_basic, worldfamousw_hep_ancestral_shrine, interstate_on_off,
          minmay_guarded_unrand_staff_of_olgreb, uniq_blork_the_orc,
          uniq_crazy_yiuf_cottage
D:7:      minmay_the_grid_octo_2x2 [minmay_the_grid_octo_pinwheel,
          minmay_the_grid_octo_vomiting_pacman, minmay_the_grid_octo_shrine,
          minmay_the_grid_octo_prize_ultimate_mussel_roller],
          layout_loops_corners, kennysheep_mini, kennysheep_orc_sif_temple,
          serial_aquarium, aquarium_bridge_straight [aquarium_subvault_bridge,
          aquarium_subvault_wall, aquarium_subvault_bridge,
          aquarium_subvault_window], aquarium_bridge_straight
          [aquarium_subvault_bridge, aquarium_subvault_wall,
          aquarium_subvault_bridge, aquarium_subvault_window],
          aquarium_window_1, aquarium_window_fake, aquarium_window_fake,
          aquarium_window_2, aquarium_view_2e, aquarium_view_2d,
          aquarium_balcony_1a, aquarium_pool_1, serial_shops,
          nicolae_shop_temple_entry_statues_fountains, serial_bayou_pond_e
D:8:      layout_layer_cave, mainiacjoe_overflow_24_doors, uniq_gastronok
D:9:      layout_cave_pools, nicolae_ru_sacrificial_ziggurat,
          mainiacjoe_overflow_small_starburst, mainiacjoe_overflow_tiny_flanked,
          minmay_lair_entry_grove, david_orc_2, enter_bailey_8, serial_glass,
          glass_columns_a, glass_columns_a, glass_columns_b, glass_columns_a,
          glass_columns_b, glass_columns_c, glass_columns_c, glass_columns_a,
          glass_columns_a, glass_columns_b, glass_columns_a, glass_columns_b,
          glass_columns_a, glass_columns_b, due_unseen_surprise,
          feat_on_display, feat_on_display, chequers_serial_rivers_micro_d,
          minmay_misc_feat_encased
D:10:     layout_gridville, nzn_wu_jian_council_hall, kennysheep_little_box,
          serial_shops, nicolae_shop_crystal, nicolae_stop_n_shop_2, st_stairs_8
D:11:     layout_basic, nicolae_gozag_cash_rules_everything_around_me
D:12:     layout_grid_maze, nicolae_uskayaw_murder_on_the_dancefloor
D:13:     layout_cave_pods, skrybe_vaults_entry_preservation,
          nrook_guardian_serpent_double
D:14:     layout_loops_cross, gauntlet_entry_generic, palyth_stone_intersect
D:15:     gammafunk_depths_entry_grave, layout_stronghold,
          minmay_misc_feat_four_crosses, nicolae_trove_entry_crossroad,
          serial_shops, nicolae_shop_real_fake_doors, nicolae_lakefront_shop,
          nicolae_shop_waterfront, nicolae_shop_crystal, minmay_three_doors,
          uniq_nessos, uniq_azrael
Temple:   hellmonk_temple_rainy
Lair:1:   layout_big_grid, chequers_serial_rivers_micro_e
Lair:2:   layout_regular_city, nicolae_spider_entry_tight_spaces,
          grunt_forest_large_clearing_hut
Lair:3:   layout_roguey, minmay_swamp_entry_reptiles, grunt_megastairs_5
Lair:4:   layout_big_grid, gammafunk_lair_bear_cave
Lair:5:   hellmonk_lair_end_abyssal_woods, layout_hall_layers, slime_entry_1,
          hellmonk_guarded_unrand_zhor, infiniplex_staircase_pool, uniq_kirke
Swamp:1:  layout_basic_swamp, gammafunk_ghost_grave, nicolae_swamp_dense_foliage
Swamp:2:  layout_falls_marsh, evilmike_swamp_ruin_house_2, swamp_pool3
Swamp:3:  layout_basic_swamp, evilmike_swamp_ruin_rubble_1
Swamp:4:  swamp_old_school, layout_basic_swamp, swamp_pool1
Spider:1: layout_spider_delve, guppyfry_spider_mini_1, uniq_agnes,
          uniq_josephine
Spider:2: layout_chambers, worms_lemuel
Spider:3: layout_chambers, drop_trap, uniq_arachne, uniq_donald
Spider:4: guppyfry_spider_rune, drop_trap
Orc:1:    layout_caves, hellmonk_ghost_happy_afterlife, basic_altar, uniq_erica
Orc:2:    grunt_orc_gardens, layout_caves, grunt_orc_garden, grunt_orc_garden,
          grunt_orc_garden, grunt_orc_garden,
          portal_ice_cave_entry_animals_and_master
Vaults:1: portal_desolation_entry_nicolae_slug, v_misc_5,
          nicolae_vaults_six-pack, nicolae_vaults_trapezoid_layered, v_misc_24,
          vaults_room_guarded_vault, v_misc_8, nicolae_vaults_apartment_1,
          nicolae_vaults_double_plus_2, layout_vaults_omnigrid
Vaults:2: mu_enter_wizlab_3, nicolae_vaults_diamond_1,
          nicolae_vaults_what_the_h, hangedman_vaults_stream, vaults_dpeg_cross,
          v_rooms_6, v_misc_30, vaults_room_grid,
          nicolae_vaults_variable_pillar_hall, ontoclasm_vaults_loading_screen,
          nicolae_vaults_little_squares_6, nicolae_vaults_heart-shaped_vault,
          nicolae_vaults_trapezoid_lopsided_3, layout_vaults_omnicross,
          serial_shops, nicolae_shop_peninsula, shop, uniq_jory
Vaults:3: minmay_crypt_entry_simple_round, nicolae_vaults_more_shelving_1,
          nicolae_vaults_tetromino_T_1, hangedman_vaults_cutoff,
          nicolae_vaults_double_plus_2, nicolae_vaults_closet_pinwheel_2,
          nicolae_vaults_theta, nicolae_vaults_little_squares_5,
          vaults_room_fancy_cross, special_room_vaults [special_room_orc],
          vaults_mumra_hex, ontoclasm_vaults_claustrophobia, layout_vaults_ring
Vaults:4: sword_in_stone, nicolae_vaults_arrows, nicolae_vaults_big_ls,
          nicolae_vaults_closet_pinwheel_2, nicolae_vaults_lightning_bolt,
          ontoclasm_vaults_ring_large, v_misc_2, grunt_vaults_bifocal,
          nicolae_vaults_little_squares_2, grunt_vaults_hallway_long,
          ontoclasm_vaults_chip, nicolae_vaults_trapezoid_lopsided_1,
          layout_vaults_maze, serial_shops, nicolae_shop_trees
Depths:1: layout_basic, enter_ziggurat_e, grunt_hell_horde,
          gammafunk_ghost_split, minmay_misc_feat_more_columns,
          dreamdust_wishing_well, kennysheep_flooded_box, minmay_crystal_box
Depths:2: minmay_quarter_circles, layout_basic, minmay_room_of_horrors,
          serial_rivers, chequers_serial_rivers_marsh,
          chequers_serial_rivers_micro_e, chequers_serial_rivers_small_b,
          chequers_serial_rivers_small_a, hell_entry, rand_demon_pan_entry_4,
          firewood_loft
Depths:3: minmay_containers, layout_cave_shapes,
          nicolae_abyss_entry_one_way_or_another, hell_entry,
          hangedman_decor_riveting, grunt_ministairs_3,
          minmay_staircase_windowed_large, uniq_saint_roka, uniq_margery
Depths:4: grunt_zot_entry_alcove, layout_honeycomb, abyss_entry, hell_entry,
          serial_shops, nicolae_shop_waterfront, nicolae_shop_trees,
          serial_bayou_shore_b, minmay_shop_star
Zot:1:    layout_basic, st_large_dragon_hoard_1
Zot:2:    layout_misc_corridors, st_single_dragon_hoard_3,
          hangedman_spider_trapstep
Zot:3:    layout_concentric_octagons, uniq_parghit
Zot:4:    layout_gridlike
Zot:5:    layout_misc_corridors, hangedman_feature_mirror

Skill      XL: |  1  2  3  4  5  6  7  8  9 10 11 12 13 14 15 16 17 18 19 20 21 22 23 |
---------------+----------------------------------------------------------------------+-----
Summonings     | 5 6 8 10 12 14 16 | 16.0
Spellcasting   | 3 4 5 7 10 12 14 15 16 18 | 18.0
Fighting       | 3 7 10 12 15 20 21 | 21.5
Dodging        | 3 6 9 10 11 13 14 18 | 18.0
Air Magic      | 2 4 6 |  6.0
Evocations     | 4 8 12 | 12.0
Stealth        | 3 5 9 10 15 | 15.0
Earth Magic    | 1 5 10 11 | 11.0
Conjurations   | 5 |  5.0
Unarmed Combat | 3 7 8 12 | 12.0
Translocations | 8 10 16 | 16.0
Ice Magic      | 3 |  3.0
Transmutations | 5 9 11 | 11.0

Action                     |  1- 3 |  4- 6 |  7- 9 | 10-12 | 13-15 | 16-18 | 19-21 | 22-24 || total
---------------------------+-------+-------+-------+-------+-------+-------+-------+-------++-------
  Melee: Unarmed           |    11 |    16 |    29 |    18 |   169 |   498 |   394 |   191 ||  1326
         Bite              |     2 |     1 |     5 |     1 |    38 |    98 |    81 |    45 ||   271
         Punch             |       |       |     1 |       |     9 |    39 |    45 |    23 ||   117
   Cast: Summon Small Mamm |    33 |    15 |    35 |    11 |     2 |       |       |       ||    96
         Call Imp          |     7 |    18 |    30 |    19 |     4 |       |       |       ||    78
         Call Canine Famil |     6 |    30 |    67 |    57 |    63 |     9 |       |       ||   232
         Summon Lightning  |       |       |    41 |    93 |   138 |    57 |     6 |       ||   335
         Stone Arrow       |       |       |       |     4 |    10 |     4 |       |       ||    18
         Summon Forest     |       |       |       |     2 |   113 |   122 |    43 |    19 ||   299
         Summon Ice Beast  |       |       |       |       |    84 |    37 |     9 |       ||   130
         Statue Form       |       |       |       |       |    20 |   120 |   118 |    56 ||   314
         Petrify           |       |       |       |       |     4 |    10 |     4 |     1 ||    19
         Irradiate         |       |       |       |       |     5 |    19 |    10 |     2 ||    36
         Summon Hydra      |       |       |       |       |       |   136 |    90 |    18 ||   244
         Monstrous Menager |       |       |       |       |       |       |    46 |    16 ||    62
         Malign Gateway    |       |       |       |       |       |       |    65 |    54 ||   119
         Leda's Unmaking   |       |       |       |       |       |       |     1 |     8 ||     9
 Invoke: Potion Petition   |       |       |       |       |     1 |     3 |     5 |     3 ||    12
         Call Merchant     |       |       |       |       |       |       |     1 |       ||     1
Ability: End Transformatio |       |       |       |       |       |       |     4 |     8 ||    12
  Evoke: Wand              |       |       |     2 |       |     3 |     7 |     4 |     7 ||    23
         Phantom mirror    |       |       |       |       |     1 |     1 |       |     1 ||     3
         Box of beasts     |       |       |       |       |       |     2 |     1 |     1 ||     4
         Piece from Xom's  |       |       |       |       |       |     1 |     1 |     2 ||     4
         Phial of floods   |       |       |       |       |       |       |     1 |       ||     1
    Use: Scroll            |       |    13 |     5 |     4 |     2 |     5 |     7 |     7 ||    43
         Potion            |       |       |     1 |     1 |     4 |     2 |     4 |     4 ||    16
   Stab: Sleeping          |     4 |     4 |     1 |       |       |     5 |     6 |     6 ||    26
         Distracted        |       |       |     2 |     1 |     3 |    35 |    18 |    16 ||    75
         Petrified         |       |       |       |       |     4 |     3 |       |     1 ||     8
         Petrifying        |       |       |       |       |       |     1 |     2 |       ||     3
         Invisible         |       |       |       |       |       |       |     1 |       ||     1
         Confused          |       |       |       |       |       |       |       |     1 ||     1
 Armour: Skin              |     3 |     1 |     2 |     3 |    86 |   260 |   152 |    68 ||   575
  Dodge: Dodged            |    30 |    29 |   104 |    98 |   679 |  1406 |  1030 |   433 ||  3809

Table legend: (Time is in decaauts)
 A = Elapsed time spent in this place.
 B = Non-inter-level travel time spent in this place.
 C = Inter-level travel time spent in this place.
 D = Time resting spent in this place.
 E = Time spent auto-exploring this place.
 F = Levels seen in this place.
 G = Mean time per level.
                   A        B        C        D        E       F      G
               +--------+--------+--------+--------+--------+-----+--------+
         Total |  72017 |  68743 |   3274 |  25442 |  18636 |  51 | 1412.1 |
       Dungeon |  23125 |  21425 |   1700 |   8513 |   8130 |  15 | 1541.7 |
        Temple |     21 |     14 |      7 |      0 |      0 |   1 |   21.0 |
          Lair |   9020 |   8621 |    399 |   4323 |   2486 |   5 | 1804.0 |
         Swamp |   3789 |   3656 |    133 |    752 |   1883 |   4 |  947.2 |
   Spider Nest |   8357 |   8208 |    149 |   3855 |   2247 |   4 | 2089.2 |
  Orcish Mines |   2342 |   2271 |     71 |    795 |    864 |   2 | 1171.0 |
        Vaults |   8559 |   8404 |    155 |   2085 |   1632 |   4 | 2139.8 |
        Depths |   9030 |   8479 |    551 |   2211 |   1321 |   4 | 2257.5 |
           Zot |   5882 |   5775 |    107 |   2303 |      0 |   5 | 1176.4 |
         Abyss |    536 |    536 |      0 |     36 |      0 |   3 |  178.7 |
         Trove |     79 |     79 |      0 |      0 |      0 |   1 |   79.0 |
        Bailey |    567 |    567 |      0 |    297 |     29 |   1 |  567.0 |
      Ice Cave |    665 |    665 |      0 |    269 |     40 |   1 |  665.0 |
      Gauntlet |     40 |     40 |      0 |      0 |      0 |   1 |   40.0 |
               +--------+--------+--------+--------+--------+-----+--------+

Top non-repeatable levels by time:
   Zot:5: 3865 daAuts
    D:15: 3317 daAuts
  Lair:5: 3163 daAuts
Depths:2: 2749 daAuts
     D:7: 2744 daAuts
Spider:3: 2649 daAuts
Spider:4: 2545 daAuts
Depths:4: 2510 daAuts
Vaults:1: 2318 daAuts
     D:6: 2266 daAuts
Vaults:4: 2152 daAuts
Spider:2: 2133 daAuts
Vaults:2: 2102 daAuts
Depths:3: 2084 daAuts
Vaults:3: 1986 daAuts
